 Dungeon Crawl Stone Soup version 0.27-a0-385-g3208abaabc (webtiles) character file.

Game seed: 17703279270216996185

46 dolemite99 the Firebug (level 3, 0/26 HPs)
             Began as a Demigod Fire Elementalist on Feb 19, 2021.
             Slain by an adder (4 damage)
             ... on level 2 of the Dungeon.
             The game lasted 00:02:18 (2167 turns).

dolemite99 the Firebug (Demigod Fire Elementalist)  Turns: 2167, Time: 00:02:19

Health: 0/26       AC:  4    Str:  9    XL:     3   Next: 26%
Magic:  2/8        EV: 12    Int: 21    God:
Gold:   94         SH:  0    Dex: 14    Spells: 5/6 levels left

rFire    . . .     SeeInvis .   l - +0 trident
rCold    . . .     Faith    .   (no shield)
rNeg     . . .     Spirit   .   a - +0 robe
rPois    .         Reflect  .   p - +2 hat
rElec    .         Harm     .   (no cloak)
rCorr    .         Rampage  .   (no gloves)
Will     .....                  (no boots)
Stlth    ++........             (no amulet)
HPRegen  0.08/turn              (no ring)
MPRegen  0.11/turn              (no ring)

@: lethally poisoned (0 -> -8)
A: high mp 1
a: no special abilities


You were on level 2 of the Dungeon.
You visited 1 branch of the dungeon, and saw 2 of its levels.

You collected 94 gold pieces.

Inventory:

Hand Weapons
 c - a +0 club
 j - a +0 spear
 l - a +0 trident (weapon)
Missiles
 b - 73 stones
 g - 39 sling bullets
 q - 22 arrows
Armour
 a - a +0 robe (worn)
 i - a +0 ring mail
 o - a +0 leather armour
 p - a +2 hat (worn)
Scrolls
 d - 3 scrolls of amnesia {unknown}
 e - 2 scrolls of immolation {unknown}
 h - 2 scrolls of identify {unknown}
 n - a scroll of enchant weapon {unknown}
Potions
 f - a potion of mutation {unknown}
 k - a potion of haste {unknown}
 m - a potion of resistance {unknown}


   Skills:
 + Level 2.2 Dodging
 + Level 2.3 Stealth
 + Level 2.1 Spellcasting
 + Level 1.5 Conjurations
 + Level 3.0 Fire Magic


You had 5 spell levels left.
You knew the following spells:

 Your Spells              Type           Power        Failure   Level
a - Foxfire               Conj/Fire      44%          6%          1

Your spell library contained the following spells:

 Spells                   Type           Power        Failure   Level
 Conjure Flame            Conj/Fire      11%          17%         3
 Inner Flame              Hex/Fire       8%           24%         3
 Sticky Flame             Conj/Fire      11%          50%         4
 Fireball                 Conj/Fire      5%           85%         5


Dungeon Overview and Level Annotations

Branches:
Dungeon (2/15)


Innate Abilities, Weirdness & Mutations

You have an increased reservoir of magic. (+10% MP)


Message History

Confirm with . or Enter, or press ? or * to list all spells.
You conjure some foxfire!
The adder bites you.
You are poisoned.
The adder poisons you!
You feel sick.
The foxfire hits the adder.
The adder is severely wounded.
The adder barely misses you. The adder bites you.
Your foxfire dissipates!
You feel sick.
You feel sick. The adder bites you.
You are more poisoned.
The adder poisons you!
Casting: Foxfire (safe; 6% risk of failure)
Confirm with . or Enter, or press ? or * to list all spells.
You miscast Foxfire.
You are very lightly contaminated with residual magic.
Nothing appears to happen.
The adder bites you.
You are lethally poisoned!
The adder poisons you!
You feel sick.
You feel sick.
You feel sick. The adder misses you.
Casting: Foxfire (safe; 6% risk of failure)
Confirm with . or Enter, or press ? or * to list all spells.
You conjure some foxfire!
You feel sick. The adder bites you.
* * * LOW HITPOINT WARNING * * *
The adder barely misses you.
Your foxfire dissipates!
* * * LOW HITPOINT WARNING * * *
You feel sick. The adder bites you but does no damage.
Your magical contamination has completely faded away.
Okay, then.
Sorry, you're not good enough to have a special ability.
Casting: Foxfire (safe; 6% risk of failure)
Confirm with . or Enter, or press ? or * to list all spells.
You conjure some foxfire!
* * * LOW HITPOINT WARNING * * *
You feel sick. The adder barely misses you. The adder bites you.
You die...

####.#......###.##
#....#............
#.####......#####. #.#
##.#...## #. #.# #...#.##
#. #.# #.#.#.# #.
#.###...#.# ## #S##......#
#@##.##.##########
#v#............##.
#.#..##.#.####.##.
#########.#..##..#.###.##.
#.............#.###.##.##.
#.###..........## ##......
#.# #.##.......)###.##.###
#.# #.##...##.#..#)###.##
#.# #.#######...........#


You could see an adder (ally target).

Vanquished Creatures
  An orc wizard (D:2)
  2 bats (D:1)
  3 giant cockroaches
  A goblin (D:2)
  4 hobgoblins
  A jackal (D:2)
  2 kobolds
  A ball python (D:2)
  A frilled lizard (D:2)
  4 rats
20 creatures vanquished.

Vanquished Creatures (others)
  65 foxfires
65 creatures vanquished.

Grand Total: 85 creatures vanquished

Notes
Turn   | Place    | Note
-------+----------+-------------------------------------------
     0 | D:1      | dolemite99 the Demigod Fire Elementalist began the quest
                  | for the Orb.
     0 | D:1      | Reached XP level 1. HP: 14/14 MP: 5/5
    82 | D:1      | Reached skill level 1 in Conjurations
   813 | D:1      | Reached XP level 2. HP: 20/20 MP: 5/7
  1522 | D:2      | Found a shimmering altar of Xom.
  1522 | D:2      | Found a glowing silver altar of Zin.
  1529 | D:2      | Found a faded altar of an unknown god.
  1531 | D:2      | Found a faded altar of an unknown god.
  1532 | D:2      | Found a broken altar of Ashenzari.
  1782 | D:2      | Found a sacrificial altar of Ru.
  1935 | D:2      | Reached skill level 3 in Fire Magic
  1935 | D:2      | Reached XP level 3. HP: 23/26 MP: 2/8
  2167 | D:2      | Slain by an adder

Illustrated notes

Levels and vault maps discovered:
D:1:      dpeg_arrival_water_temple_mockup, layout_loops_ring
D:2:      layout_loops_ring, chequers_temple_overflow_minitemple,
          nicolae_ru_great_annihilating_truth

Skill      XL: |  1  2 |
---------------+-------+-----
Conjurations   | 1 |  1.5
Stealth        | 2 |  2.3
Dodging        | 2 |  2.2
Spellcasting   | 2 |  2.1
Fire Magic     | 3 |  3.0

Action                   || total
-------------------------++-------
 Cast: Foxfire           ||    44
Armor: Robe              ||     9
Dodge: Dodged            ||    35

Table legend: (Time is in decaauts)
 A = Elapsed time spent in this place.
 B = Non-inter-level travel time spent in this place.
 C = Inter-level travel time spent in this place.
 D = Time resting spent in this place.
 E = Time spent auto-exploring this place.
 F = Levels seen in this place.
 G = Mean time per level.
                   A        B        C        D        E       F      G
               +--------+--------+--------+--------+--------+-----+--------+
         Total |   2166 |   2131 |     35 |    700 |   1041 |   2 | 1083.0 |
       Dungeon |   2166 |   2131 |     35 |    700 |   1041 |   2 | 1083.0 |
               +--------+--------+--------+--------+--------+-----+--------+

Top non-repeatable levels by time:
     D:1: 1297 daAuts
     D:2: 869 daAuts
